Map: Prion Terraces

Players

앙기무띵

  • Race: Terran Terran
  • League: Diamond

ILLBdA - Winner!

  • Race: Protoss Protoss
  • League: Diamond

VOD

Have the link to the VOD?

Description

Time

  • Played on: Jan. 1, 2016, 8:08 a.m.
  • Length: 8:36
Show
View Real Time Build Order
Export as new Build Order

앙기무띵 Terran 

Build Orders: Liberator Opening 

Get SALT Encoding   

  12  0:01  SCV  
  13  0:13  SCV  
  14  0:18  Supply Depot  
  14  0:25  SCV  
  15  0:39  SCV  
  16  0:43  Barracks  
  16  0:46  Refinery  
  16  0:52  SCV  
  17  1:04  SCV  
  18  1:16  SCV  
  19  1:30  Orbital Command  
  19  1:31  Reaper  
  20  1:35  Refinery  
  20  1:37  Supply Depot  
  20  2:03  Reaper  
  21  2:13  Command Center  
  21  2:14  SCV  
  22  2:23  Factory  
  22  2:34  SCV  
  23  2:46  SCV  
  24  2:54  Supply Depot, Bunker  
  24  2:58  SCV  
  25  3:15  SCV, Factory Tech Lab  
  25  3:18  Starport  
  26  3:35  Orbital Command  
  26  3:40  Cyclone  
  28  3:43  Liberator  
  28  3:53  SCV  
  31  4:29  SCV  
  30  4:33  Marine  
  30  4:42  SCV  
  30  4:45  Cyclone  
  29  4:53  Marine  
  27  5:07  SCV  
  27  5:12  Marine  
  25  5:17  Cyclone  
  28  5:28  SCV  
  29  5:30  Marine  
  22  5:43  SCV  
  22  5:48  Marine  
  22  5:55  SCV  
  23  5:57  SCV  
  18  6:05  Marine  
  18  6:09  SCV  
  20  6:16  Cyclone, Liberator  
  23  6:21  SCV  
  23  6:23  Marine  
  22  6:33  SCV  
  22  6:36  SCV  
  25  6:41  Marine  
  26  6:48  SCV  
  26  6:59  Marine  
  20  7:27  SCV  
Show
View Real Time Build Order
Export as new Build Order

ILLBdA Protoss - Winner!

Build Orders: 1 Gate Expand 

Get SALT Encoding   

  12  0:01  Probe (Chrono Boost)  
  13  0:11  Probe (Chrono Boost)  
  14  0:17  Pylon  
  14  0:22  Probe (Chrono Boost)  
  15  0:35  Probe (Chrono Boost)  
  16  0:36  Gateway  
  16  0:43  Assimilator  
  16  0:46  Probe (Chrono Boost)  
  17  0:56  Probe (Chrono Boost)  
  18  1:09  Probe (Chrono Boost)  
  19  1:19  Nexus  
  20  1:32  Cybernetics Core  
  20  1:33  Probe (Chrono Boost)  
  20  1:43  Probe (Chrono Boost)  
  20  1:44  Pylon  
  21  1:47  Assimilator  
  21  1:54  Probe (Chrono Boost)  
  22  2:04  Probe (Chrono Boost)  
  23  2:09  Stalker (Chrono Boost)  
  23  2:10  Warp Gate  
  25  2:15  Probe  
  25  2:32  Probe  
  24  2:38  Probe  
  25  2:45  Stalker (Chrono Boost)  
  27  2:56  Mothership Core  
  29  3:01  Pylon  
  27  3:13  Probe  
  27  3:17  Probe  
  29  3:21  Stalker (Chrono Boost)  
  29  3:23  Probe  
  32  3:30  Probe  
  32  3:34  Probe  
  33  3:38  Pylon  
  34  3:42  Probe  
  34  3:45  Pylon  
  34  3:51  Probe  
  35  3:59  Probe  
  35  4:01  Probe  
  36  4:08  Pylon  
  37  4:12  Pylon  
  37  4:13  Pylon  
  37  4:28  Pylon  
  35  4:52  Stalker  
  36  5:13  Probe  
  36  5:14  Probe  
  36  5:31  Probe x2  
  36  5:35  Pylon  
  38  5:37  Gateway  
  38  5:40  Gateway x2  
  38  5:42  Twilight Council  
  38  5:51  Stalker  
  38  6:36  Blink (Chrono Boost)  
  38  6:43  Stalker x3  
  38  6:45  Stalker  
  42  6:55  Mothership Core (Chrono Boost)  
  42  6:57  Pylon  
  42  7:01  Probe (Chrono Boost)  
  42  7:04  Robotics Facility  
  42  7:05  Pylon  
  41  7:16  Probe (Chrono Boost)  
  41  7:18  Stalker x3, Assimilator x2  
  41  7:20  Probe (Chrono Boost)  
  49  7:29  Probe  
  50  7:33  Probe  
  50  7:41  Probe  
  50  7:45  Probe  
  50  7:47  Nexus  
  50  7:51  Pylon  
  50  7:53  Probe  
  50  7:54  Observer (Chrono Boost)  
  50  7:59  Stalker x4  
  50  8:01  Probe  
  50  8:06  Probe  
  50  8:13  Probe  
  50  8:18  Probe  
  50  8:21  Pylon  
  50  8:25  Stalker x3  
  50  8:26  Stalker  
Tags
 
Add a new tag
Caveats
  • Supply blocks, unpowered buildings, or Contaminate may cause inaccurate times.
  • Supply counts are checked every 10 seconds.